 Dungeon Crawl Stone Soup version 0.31-a0-925-g0a390f2509 (webtiles) character file.

Game seed: 13665563029561900208

2684 lunkers the Martial Artist (level 10, -1/75 HPs)
             Began as a Meteoran Shapeshifter on Oct 18, 2023.
             Was an Initiate of Gozag.
             Slain by a vault guard
             ... wielding a +0 broad axe
              (13 damage)
             ... in a bailey.
             The game lasted 00:06:22 (2916 turns).

lunkers the Martial Artist (Meteoran Shapeshifter)  Turns: 2916, Time: 00:06:23

Health: -1/75      AC:  6    Str: 16    XL:     10   Next: 16%
Magic:  11/11      EV: 11    Int: 12    God:    Gozag
Gold:   470        SH:  0    Dex: 18    Spells: 9/9 levels left

rFire   . .          .
                       - Unarmed
rCold   . . .        (shield currently unavailable)
rNeg    + . .        m - +0 scale mail
rPois   .            (no helmet)
rElec   .            (no cloak)
rCorr   .            (no gloves)
SInv    .            (no boots)
Will    +....        (no amulet) Stlth
                     q - ring of positive energy
HPRegen 0.32/turn    (no ring)
MPRegen 0.12/turn

%: no passive effects
@: flux-form, glowing
A: glow, contaminating, sense surroundings 2, otherworldly, glowing, explore
regen
a: Begin Untransformation, Renounce Religion, Potion Petition, Call Merchant,
Bribe Branch


You were in a bailey.
You worshipped Gozag.
Gozag was aware of your devotion.
You were something dangerously unstable.
You visited 1 branch of the dungeon, and saw 7 of its levels.
You also visited: Bailey.

You collected 543 gold pieces.
You paid 73 gold pieces to Gozag.

Inventory:

Armour
 a - a +0 animal skin
 l - a +0 buckler
 m - a +0 scale mail (worn)
Jewellery
 q - a ring of positive energy (left hand)
Talismans
 c - a beast talisman
 d - a flux talisman (active)
Wands
 t - a wand of digging (6)
Scrolls
 g - 3 scrolls of teleportation
 o - a scroll of fog
 r - a scroll of enchant weapon
Potions
 e - 2 potions of heal wounds
 f - a potion of brilliance {unknown}
 h - a potion of lignification
 i - 2 potions of curing
 n - a potion of attraction {unknown}
 p - 2 potions of enlightenment {unknown}
 s - 2 potions of cancellation {unknown}
 v - a potion of might {unknown}


   Skills:
 + Level 2.8 Fighting
 + Level 3.4 Dodging
 * Level 12.4 Unarmed Combat
 + Level 8.7 Shapeshifting


You had 9 spell levels left.
You didn't know any spells.
Your spell library contained the following spells:

 Spells                   Type           Power      Damage    Failure   Level
 Scorch                   Fire           0%         2d5       88%         2
 Sublimation of Blood     Necr           0%         N/A       88%         2
 Dazzling Flash           Conj/Hex       0%         N/A       98%         3
 Tukima's Dance           Hex            0%         N/A       98%         3
 Volatile Blastmotes      Fire/Tloc      0%         2d10      98%         3
 Flame Wave               Conj/Fire      0%         2d4       100%        4
 Passage of Golubria      Tloc           0%         N/A       100%        4
 Petrify                  Tmut/Erth      0%         N/A       100%        4
 Irradiate                Conj/Tmut      0%         3d11      100%        5
 Yara's Violent Unravell  Hex/Tmut       0%         3d3       100%        5
 Starburst                Conj/Fire      0%         6d3       100%        6
 Summon Cactus Giant      Summ           0%         N/A       100%        6
 Maxwell's Capacitive Co  Air            0%         ∞         100%        8


Dungeon Overview and Level Annotations

Branches:
Dungeon (7/15) Zot: 1489   Temple (0/1) D:6          Bailey (1/1) Zot: 452

Altars:
Fedhas
Gozag
Hepliaklqana
Kikubaaqudgha
Qazlal
Wu Jian
Zin

Shops:
D:6 [

Annotations:
D:4 1 runed translucent door, Xavori's ghost, novice OpCK Bailey Prince Ribbit


Innate Abilities, Weirdness & Mutations

You are something dangerously unstable.
You glow with magical radiation, making you easy to see and hit.
Foes you strike become dangerously contaminated with magical radiation.
You are incapable of wielding weapons or throwing items.
You passively map the area around you.
You are easily found by Zot.
You glow in the dark.
You regain HP and MP as you explore.


Message History

You closely miss Prince Ribbit.
Prince Ribbit is moderately wounded.
Prince Ribbit hits you but does no damage.
Unknown command.
You closely miss Prince Ribbit.
Prince Ribbit is moderately wounded.
Prince Ribbit hits you.
* * * LOW HITPOINT WARNING * * *
You punch the vault guard!
The vault guard begins to glow.
The vault guard is lightly wounded.
Unknown command.
Okay, then.
Okay, then.
You barely miss the vault guard.
The vault guard is lightly wounded.
Prince Ribbit blinks!
The vault guard hits you with a +0 broad axe!!
* * * LOW HITPOINT WARNING * * *
Unknown command.
You closely miss the vault guard.
The vault guard is lightly wounded.
Prince Ribbit stops glowing.
Unknown command.
You hit the vault guard.
The vault guard glows dangerously bright.
The vault guard is lightly wounded.
The vault guard closely misses you.
Unknown command.
You hit the vault guard.
The vault guard shudders as magic cascades through it.
The vault guard twists and deforms.
The vault guard is lightly wounded.
The vault guard hits you with a +0 broad axe.
* * * LOW HITPOINT WARNING * * *
You closely miss the vault guard.
The vault guard is lightly wounded.
Prince Ribbit blinks!
The vault guard hits you with a +0 broad axe!
You die...
Your body crumbles into a pile of gold.

** ~ +.### #≈.~## ~ ,,
#≈.~~## ##≈.~~~# ########
###≈~..~# ####
....#≈≈####≈≈~~..# ....!*
.)..#~~≈≈≈≈~~....#.....[
.#..'..~~~~....~pp§.∩...,
.#..#............#.....?
##..#≈≈≈~......~.# ..F.$
.#######≈~....~..~# ####
......##≈~~~~~~~~~≈#
)...))#≈~~~~~~~~~≈##
.)..#)##≈≈~~~~~≈≈##
#####..###≈≈≈≈≈###
~~~##....#######


You could see a vault guard (misshapen) and Prince Ribbit (misshapen).

Vanquished Creatures
  Eustachio (D:6)
  3 humans (Bailey)
  2 steam dragons
  A water moccasin (D:6)
  An ice beast (D:6)
  2 sky beasts (D:6)
  A black bear (D:6)
  4 ogres
  A phantom (D:4)
  6 bullfrogs (Bailey)
  Blork the orc (D:4)
  A scorpion (D:5)
  4 hounds
  3 orc priests
  3 iguanas
  An orc wizard (D:5)
  2 gnolls (Bailey)
  6 adders
  A white imp (D:6)
  5 dart slugs
  12 orcs
  4 endoplasms
  A giant cockroach (D:2)
  14 goblins
  5 hobgoblins
  3 jackals (D:3)
  6 quokkas
  7 ball pythons
  3 bats
  4 frilled lizards
  7 kobolds
  3 rats
118 creatures vanquished.

Notes
Turn   | Place    | Note
-------+----------+-------------------------------------------
     0 | D:1      | lunkers the Meteoran Shapeshifter began the quest for the
                  | Orb.
     0 | D:1      | Reached XP level 1. HP: 16/16 MP: 2/2
    44 | D:1      | Reached skill level 4 in Unarmed Combat
    44 | D:1      | Reached XP level 2. HP: 19/23 MP: 3/3
   377 | D:1      | Reached XP level 3. HP: 24/28 MP: 4/4
   502 | D:1      | Glimpsed the power of Zot.
   622 | D:2      | Reached XP level 4. HP: 34/35 MP: 5/5
   657 | D:2      | Reached skill level 5 in Unarmed Combat
  1109 | D:2      | Glimpsed the power of Zot.
  1110 | D:2      | Reached XP level 5. HP: 40/40 MP: 6/6
  1383 | D:3      | Reached skill level 6 in Unarmed Combat
  1417 | D:3      | Found a blossoming altar of Fedhas.
  1448 | D:3      | Found a hazy altar of Hepliaklqana.
  1598 | D:4      | Reached XP level 6. HP: 19/47 MP: 7/7
  1642 | D:4      | Reached skill level 5 in Shapeshifting
  1665 | D:4      | Reached skill level 7 in Unarmed Combat
  1672 | D:4      | Noticed an ogre
  1681 | D:4      | Found a runed translucent door.
  1692 | D:4      | Killed an ogre
  1693 | D:4      | Reached XP level 7. HP: 43/52 MP: 8/8
  1698 | D:4      | Noticed Xavori's ghost (novice OpCK)
  1723 | D:4      | Noticed Blork the orc
  1731 | D:4      | Killed Blork the orc
  1777 | D:4      | Found an opulent altar of Gozag.
  1778 | D:4      | Found a glowing silver altar of Zin.
  1791 | D:4      | Became a worshipper of Gozag Ym Sagoz the Greedy
  1809 | D:5      | Entered Level 5 of the Dungeon
  1902 | D:5      | Noticed a steam dragon
  1912 | D:5      | Killed a steam dragon
  1913 | D:5      | Reached skill level 8 in Unarmed Combat
  1913 | D:5      | Reached XP level 8. HP: 29/59 MP: 9/9
  2018 | D:5      | Reached skill level 9 in Unarmed Combat
  2300 | D:6      | Reached skill level 10 in Unarmed Combat
  2300 | D:6      | Gained mutation: You passively map the area around you.
                  | [Meteoran growth]
  2300 | D:6      | Reached XP level 9. HP: 33/64 MP: 10/10
  2314 | D:6      | Noticed Eustachio
  2332 | D:6      | Killed Eustachio
  2333 | D:6      | Reached skill level 11 in Unarmed Combat
  2414 | D:6      | Found a staircase to the Ecumenical Temple.
  2489 | D:6      | Found a stormy altar of Qazlal.
  2489 | D:6      | Found an ornate altar of the Wu Jian Council.
  2490 | D:6      | Found an ancient bone altar of Kikubaaqudgha.
  2648 | D:6      | Found Com Nuqibeim's Antique Armour Shoppe.
  2727 | D:7      | Found a flagged portal.
  2755 | Bailey   | Entered a bailey
  2788 | Bailey   | Reached skill level 12 in Unarmed Combat
  2852 | Bailey   | Reached XP level 10. HP: 28/74 MP: 11/11
  2903 | Bailey   | Noticed Prince Ribbit
  2903 | Bailey   | Noticed a vault guard
  2916 | Bailey   | Slain by a vault guard

Illustrated notes

Levels and vault maps discovered:
D:1:      spicycebolla_arrival_ecumenical, layout_loops_ring,
          minmay_strange_pillars
D:2:      layout_basic, st_stairs_5, minmay_unequal
D:3:      layout_loops_ring, mainiacjoe_overflow_two_lobes,
          ebering_ghost_disaster_area
D:4:      layout_basic, grunt_temple_overflow_gold_and_silver,
          ebering_ghost_sewer_f, minmay_close_crescents, uniq_sigmund,
          uniq_crazy_yiuf_cottage, uniq_blork_the_orc
D:5:      layout_loops_ring
D:6:      layout_basic, nemelex_diamond_rough_becter,
          gammafunk_temple_overflow_claw, minmay_temple_entry_enclosed_plants,
          serial_shops, nicolae_square_shop, moated_statue, uniq_eustachio
D:7:      layout_basic, enter_bailey_4, nicolae_nh_oracle_at_delphi
Bailey:   bailey_axe_froggy_fort_hellmonk, bailey

Skill      XL: |  1  2  3  4  5  6  7  8  9 |
---------------+----------------------------+-----
Unarmed Combat | 4 5 6 7 8 10 12 | 12.4
Shapeshifting  | 4 5 6 7 8 |  8.7
Fighting       | 2 |  2.8
Dodging        | 3 |  3.4

Action                     |  1- 3 |  4- 6 |  7- 9 | 10-12 || total
---------------------------+-------+-------+-------+-------++-------
  Melee: Unarmed           |    56 |   144 |   188 |    30 ||   418
         Punch             |     1 |     3 |     8 |       ||    12
    Use: Scroll            |       |       |    11 |       ||    11
         Potion            |       |       |     1 |       ||     1
 Armour: Animal skin       |    30 |    18 |       |       ||    48
         Scale mail        |       |    69 |   113 |    20 ||   202
         Skin              |       |       |    28 |       ||    28
  Dodge: Dodged            |    29 |    80 |    89 |    12 ||   210
   Form: Flux              |       |       |     1 |       ||     1

Table legend: (Time is in decaauts)
 A = Elapsed time spent in this place.
 B = Non-inter-level travel time spent in this place.
 C = Inter-level travel time spent in this place.
 D = Time resting spent in this place.
 E = Time spent auto-exploring this place.
 F = Levels seen in this place.
 G = Mean time per level.
                   A        B        C        D        E       F      G
               +--------+--------+--------+--------+--------+-----+--------+
         Total |   2857 |   2785 |     72 |     33 |   1821 |   8 |  357.1 |
       Dungeon |   2710 |   2638 |     72 |     33 |   1794 |   7 |  387.1 |
        Bailey |    147 |    147 |      0 |      0 |     27 |   1 |  147.0 |
               +--------+--------+--------+--------+--------+-----+--------+

Top non-repeatable levels by time:
     D:2: 581 daAuts
     D:1: 529 daAuts
     D:3: 456 daAuts
     D:5: 448 daAuts
     D:6: 423 daAuts
     D:4: 219 daAuts
  Bailey: 147 daAuts
     D:7: 52 daAuts
